Map: Cyber Forest LE

Players

Senya - Winner!

  • Race: Zerg Zerg
  • League: Master
  • Spawn Location: 5:00

Mez

  • Race: Terran Terran
  • League: Master
  • Spawn Location: 11:00

VOD

Have the link to the VOD?

Description

Time

  • Played on: Aug. 11, 2019, 8:32 a.m.
  • Length: 18:15
Show
View Real Time Build Order
Export as new Build Order

Senya Zerg - Winner!

Build Orders: Pool First 

Get SALT Encoding   

  12  0:01  Drone  
  13  0:10  Drone  
  13  0:13  Extractor  
  13  0:15  Drone  
  14  0:32  Spawning Pool  
  13  0:41  Overlord  
  13  0:45  Drone  
  14  1:00  Drone  
  14  1:01  Drone  
  16  1:05  Drone  
  17  1:18  Metabolic Boost  
  17  1:21  Zergling x2  
  18  1:26  Queen  
  20  1:48  Hatchery  
  20  1:52  Zergling x2  
  20  1:53  Zergling x2  
  21  1:55  Zergling x2  
  22  2:04  Overlord  
  22  2:22  Queen  
  24  2:23  Drone  
  24  2:26  Drone  
  26  2:36  Drone  
  26  2:37  Overlord, Drone  
  28  2:47  Drone  
  28  2:50  Drone  
  29  3:01  Drone x2  
  29  3:02  Queen x2  
  35  3:15  Drone x3  
  35  3:16  Overlord  
  38  3:24  Drone x2  
  39  3:31  Drone  
  39  3:41  Queen  
  38  3:48  Hatchery  
  39  3:50  Drone x2  
  39  3:51  Drone x2  
  43  3:56  Drone x2  
  43  4:00  Drone x2  
  47  4:20  Queen  
  49  4:28  Extractor  
  49  4:29  Overlord, Baneling Nest  
  49  4:30  Drone x4  
  51  4:34  Overlord x2  
  51  4:35  Overlord  
  51  4:41  Lair  
  51  4:43  Overlord  
  51  4:49  Drone  
  51  4:51  Overlord  
  51  4:52  Overlord  
  52  4:59  Queen  
  52  5:04  Drone  
  52  5:05  Drone  
  56  5:07  Evolution Chamber, Zergling x2  
  56  5:08  Evolution Chamber, Zergling x6  
  56  5:12  Zergling x4  
  61  5:28  Zergling x4  
  61  5:29  Zergling x2  
  61  5:33  Drone x4  
  61  5:34  Drone x2  
  69  5:36  Drone  
  70  5:44  Drone  
  70  5:45  Drone  
  70  5:47  Zerg Ground Armor Level 1, Zerg Melee Weapons Level 1  
  70  5:48  Drone  
  70  6:00  Drone  
  70  6:01  Drone x7  
  70  6:02  Centrifical Hooks  
  73  6:07  Overseer  
  73  6:10  Drone x2  
  73  6:11  Drone  
  76  6:15  Zergling x6  
  79  6:19  Extractor  
  79  6:20  Extractor  
  79  6:22  Drone x2, Extractor  
  78  6:28  Hatchery  
  77  6:33  Drone x5  
  77  6:37  Drone x4  
  77  6:39  Overlord x3  
  86  6:42  Drone x2  
  88  6:55  Drone x2  
  88  6:57  Zergling x2  
  88  6:58  Zergling x10  
  88  6:59  Hatchery  
  88  7:01  Zergling x2  
  96  7:02  Hydralisk Den  
  95  7:13  Overlord  
  95  7:14  Zergling x2  
  95  7:15  Zergling x10  
  101  7:24  Baneling  
  100  7:31  Drone x2  
  100  7:32  Drone x7  
  100  7:35  Zergling x2  
  110  7:42  Baneling x4  
  110  7:43  Hydralisk, Muscular Augments  
  110  7:44  Hydralisk x3  
  111  7:46  Zerg Ground Armor Level 2, Zerg Melee Weapons Level 2  
  111  7:50  Drone, Spore Crawler  
  111  7:51  Spore Crawler x2  
  116  7:53  Drone  
  116  7:54  Drone  
  117  7:59  Drone x2  
  117  8:00  Queen  
  116  8:08  Drone x5  
  116  8:09  Drone  
  109  8:24  Drone  
  109  8:25  Drone  
  111  8:28  Drone x2  
  111  8:29  Infestation Pit  
  111  8:32  Hydralisk  
  111  8:33  Hydralisk x7  
  128  8:36  Zergling x4  
  130  8:43  Baneling  
  130  8:44  Baneling  
  130  8:45  Baneling x14  
  130  8:54  Drone x2  
  132  8:56  Drone, Zergling x2  
  132  8:57  Zergling x18  
  132  9:01  Overseer  
  132  9:02  Overseer  
  143  9:03  Pneumatized Carapace  
  143  9:06  Zergling x10  
  139  9:18  Hive  
  139  9:19  Zergling x16  
  139  9:20  Zergling x4  
  144  9:32  Pathogen Glands, Extractor  
  144  9:35  Grooved Spines  
  143  9:41  Extractor x2  
  141  9:55  Zergling x2, Hatchery  
  141  9:56  Zergling x22  
  148  10:00  Zergling x4  
  148  10:01  Overlord  
  148  10:02  Overlord x3  
  148  10:06  Queen  
  146  10:32  Zergling x14  
  146  10:33  Zergling x30  
  157  10:36  Zerg Ground Armor Level 3  
  157  10:37  Zerg Melee Weapons Level 3  
  157  10:39  Ultralisk Cavern  
  157  10:41  Adrenal Glands  
  146  10:45  Drone x2  
  144  10:50  Drone x4  
  148  10:58  Drone  
  149  11:06  Drone x4  
  149  11:07  Drone x7  
  154  11:19  Overlord x2  
  154  11:20  Drone x4  
  154  11:24  Hydralisk  
  154  11:25  Hydralisk x3  
  166  11:31  Baneling  
  166  11:32  Baneling x15  
  165  11:40  Chitinous Plating  
  165  11:46  Zergling x2  
  170  11:47  Zergling x18  
  168  11:58  Zergling x2  
  168  11:59  Zergling x24  
  155  12:10  Drone x5  
  159  12:21  Ultralisk  
  165  12:24  Ultralisk  
  165  12:28  Zergling x12, Spore Crawler x2  
  165  12:29  Spore Crawler  
  173  12:30  Baneling x4  
  157  12:39  Ultralisk  
  157  12:42  Zergling x2  
  157  12:43  Zergling x14  
  161  12:47  Overseer  
  161  12:48  Overseer  
  161  12:54  Ultralisk  
  167  13:03  Ultralisk x2  
  177  13:19  Anabolic Synthesis  
  177  13:21  Drone x2  
  177  13:22  Spire, Overlord  
  177  13:23  Ultralisk  
  177  13:26  Zergling x16  
  192  13:32  Zergling x2  
  192  13:33  Zergling x14, Hatchery  
  173  13:46  Zergling x2  
  173  13:47  Zergling x30  
  185  13:51  Infestor x2  
  184  14:09  Ultralisk x2, Hatchery  
  193  14:11  Overlord  
  192  14:20  Overlord  
  192  14:23  Overlord  
  192  14:24  Overlord x2  
  192  14:26  Overlord  
  189  14:32  Ultralisk  
  195  14:40  Zergling x8  
  195  14:42  Greater Spire  
  199  14:46  Hatchery  
  199  14:48  Zergling x6  
  197  14:53  Baneling x14  
  197  14:54  Baneling x15  
  195  15:15  Zergling x4  
  195  15:16  Zergling x2  
  197  15:30  Zergling x2  
  197  15:31  Zergling x4  
  196  15:57  Ultralisk x2  
  198  16:02  Ultralisk x2  
  197  16:10  Zergling x6  
  199  16:17  Hydralisk  
  199  16:18  Hydralisk x9  
  184  16:23  Corruptor  
  184  16:25  Zergling x14  
  183  16:26  Zergling x16  
  181  16:37  Overseer, Extractor x2  
  177  16:42  Corruptor x3  
  183  16:56  Corruptor x2  
  187  17:03  Zergling x2  
  187  17:04  Zergling x24  
  187  17:07  Baneling x4  
  187  17:08  Baneling  
  200  17:09  Baneling x5, Extractor  
  195  17:18  Corruptor x2  
  193  17:29  Corruptor x2  
  197  17:34  Baneling  
  197  17:35  Baneling x2  
  191  17:38  Zergling x2  
  191  17:39  Zergling x20  
  181  17:45  Zergling x2  
  181  17:46  Zergling x32  
  185  17:55  Zergling x14  
  185  17:56  Zergling x8  
Show
View Real Time Build Order
Export as new Build Order

Mez Terran 

Build Orders: Reaper Expand 

Get SALT Encoding   

  12  0:01  SCV  
  13  0:13  SCV  
  14  0:17  Supply Depot  
  14  0:25  SCV  
  15  0:39  SCV  
  15  0:41  Barracks  
  16  0:46  Refinery  
  16  0:51  SCV  
  17  1:03  SCV  
  18  1:15  SCV  
  19  1:29  Reaper, Orbital Command  
  20  1:41  Command Center  
  20  1:50  Supply Depot  
  20  1:55  SCV  
  21  2:04  Marine  
  22  2:10  Bunker  
  22  2:18  Factory  
  22  2:21  SCV  
  22  2:25  Barracks Reactor  
  22  2:33  SCV  
  22  2:47  SCV  
  23  3:06  SCV  
  23  3:07  Starport  
  23  3:10  Orbital Command  
  23  3:11  Hellion x2  
  27  3:13  Barracks Tech Lab  
  27  3:18  SCV  
  28  3:30  SCV  
  28  3:36  Hellion x2, SCV  
  33  3:42  SCV  
  34  3:52  Viking  
  34  3:53  Refinery  
  34  3:54  SCV x2  
  38  4:06  SCV  
  38  4:09  SCV  
  40  4:15  Supply Depot  
  40  4:18  SCV  
  40  4:19  Hellion x2, Liberator  
  40  4:23  SCV  
  46  4:30  SCV  
  45  4:35  SCV  
  49  4:42  SCV  
  49  4:44  Supply Depot  
  50  4:46  Hellion x2  
  50  4:52  Stimpack  
  54  5:00  Supply Depot  
  54  5:02  Supply Depot  
  54  5:06  SCV x2, Marine  
  57  5:18  SCV x2  
  57  5:30  SCV  
  57  5:31  Starport Reactor  
  57  5:35  SCV, Barracks  
  59  5:36  Barracks  
  59  5:37  Supply Depot  
  59  5:39  Command Center  
  59  5:40  Factory Reactor  
  59  5:41  Refinery  
  59  5:42  Refinery, SCV  
  60  5:47  Engineering Bay  
  60  5:48  Engineering Bay, SCV  
  61  5:54  SCV  
  47  6:04  Marine  
  47  6:05  SCV  
  47  6:06  SCV  
  50  6:17  SCV  
  51  6:18  Barracks  
  51  6:20  SCV, Barracks  
  51  6:21  Terran Infantry Armor Level 1, Terran Infantry Weapons Level 1  
  51  6:22  Marine  
  51  6:23  Medivac  
  55  6:25  Factory Reactor  
  55  6:29  SCV  
  55  6:30  Marine x2  
  59  6:32  SCV  
  59  6:35  Marine x2  
  59  6:37  Medivac  
  63  6:40  Marine  
  63  6:41  SCV  
  65  6:48  Marine x2  
  65  6:52  Combat Shield  
  65  6:53  Marine, Supply Depot x2  
  68  6:56  Marine  
  70  7:05  SCV  
  70  7:06  SCV, Marine x2  
  74  7:11  Marine  
  74  7:13  Barracks Reactor  
  74  7:14  Barracks Reactor, Medivac x2  
  78  7:22  Marine x2  
  80  7:23  Marine  
  80  7:24  Marine  
  80  7:29  Marine  
  87  7:30  Widow Mine x2  
  87  7:34  Armory  
  87  7:35  Orbital Command, Supply Depot  
  87  7:37  SCV x2  
  89  7:39  Supply Depot  
  89  7:40  Marine x2  
  89  7:41  Marine x2  
  93  7:46  Marine  
  93  7:49  SCV x2  
  93  7:51  Marine x3  
  96  7:55  Marine  
  96  7:58  Marine x2  
  102  8:01  SCV  
  103  8:05  Marine  
  104  8:17  Marine  
  104  8:18  Marine x7  
  104  8:19  Widow Mine, Medivac x2  
  118  8:20  Widow Mine  
  118  8:22  Terran Infantry Weapons Level 2  
  118  8:23  Marine  
  118  8:25  Terran Infantry Armor Level 2  
  119  8:30  Factory, SCV x2  
  121  8:35  Marine x2  
  123  8:42  SCV x2  
  123  8:43  SCV  
  123  8:45  Command Center  
  123  8:46  Supply Depot  
  123  8:47  Supply Depot  
  126  8:50  Refinery, Supply Depot  
  126  8:54  SCV x2  
  126  8:55  SCV  
  126  9:06  SCV  
  127  9:16  Widow Mine x2  
  122  9:17  Factory Tech Lab  
  122  9:18  Marine x9  
  129  9:33  Terran Vehicle Weapons Level 1  
  129  9:35  Marine, Barracks  
  129  9:36  Marine, Barracks  
  129  9:37  Barracks  
  131  9:38  Siege Tank, Refinery  
  131  9:40  Widow Mine x2  
  131  9:41  Marine x5  
  131  9:42  Medivac x2  
  147  10:11  Widow Mine, Siege Tank  
  147  10:12  Widow Mine, Marine x9  
  147  10:13  Medivac x2  
  163  10:19  Command Center  
  163  10:29  Marine  
  163  10:30  Marine x2  
  162  10:40  Marine  
  162  10:41  Marine x4  
  162  10:42  Barracks Tech Lab x2  
  167  10:48  Marine  
  167  10:49  Marine x2, Barracks Tech Lab  
  169  10:52  Barracks Reactor  
  169  11:05  Planetary Fortress  
  169  11:09  SCV x2  
  169  11:10  SCV  
  172  11:31  Marine x9, Medivac x2  
  172  11:32  Widow Mine  
  187  11:33  Orbital Command  
  187  11:39  Refinery, Supply Depot  
  187  11:40  Supply Depot  
  187  11:44  Widow Mine, Command Center  
  189  12:00  Marine  
  173  12:15  Marine, Marauder  
  173  12:16  Marine x8, Marauder x2  
  173  12:18  Marine  
  177  12:24  Liberator x2  
  173  12:30  Siege Tank  
  173  12:31  Widow Mine x2  
  173  12:33  Marine x2  
  162  12:38  Marine x5  
  162  12:42  Marine x6  
  150  12:51  Command Center, Marine  
  151  13:00  Marine  
  151  13:01  Marine x5  
  151  13:02  Marine x3, Marauder x3  
  165  13:08  Liberator x2  
  165  13:13  Marine  
  165  13:18  Marine  
  165  13:19  Marine x2  
  169  13:23  Marauder x3  
  169  13:24  Marine  
  169  13:25  Marine x3  
  182  13:29  Orbital Command  
  166  13:44  Marauder x2  
  166  13:47  Command Center  
  170  13:49  Marauder  
  170  13:51  Liberator  
  165  14:06  Marauder x2  
  174  14:11  Marauder  
  169  14:19  Medivac  
  168  14:27  Marauder x2  
  166  14:34  Planetary Fortress  
  166  14:38  Marine x6, Marauder  
  168  14:39  Marine x2  
  168  14:41  SCV  
  168  14:42  SCV x3  
  180  14:48  Marauder  
  180  14:49  Marauder, Medivac  
  163  14:54  SCV x4, Planetary Fortress  
  166  15:02  Liberator x2  
  162  15:08  SCV x2  
  162  15:09  SCV x3  
  167  15:18  Marine x3, Marauder x3  
  167  15:20  Widow Mine, SCV  
  167  15:21  Widow Mine, SCV  
  188  15:22  Drilling Claws  
  185  15:31  Terran Infantry Weapons Level 3  
  185  15:40  SCV x2, Marauder  
  185  15:41  SCV  
  186  15:45  Liberator  
  180  15:57  Marine x2, Marauder x2  
  128  16:19  Marine, Marauder x3  
  120  16:28  Liberator x2  
  112  16:41  Marauder  
  120  16:50  Command Center  
  120  16:51  Command Center  
  120  16:56  Missile Turret  
  120  16:57  Missile Turret  
  120  16:58  Missile Turret, Marine, Marauder, Orbital Command  
  120  16:59  Marauder  
  125  17:07  Marine x3, Marauder  
  125  17:08  Marine x4  
  133  17:11  Liberator  
  133  17:12  Refinery  
  134  17:20  Marauder x2  
  118  17:25  Marine x2  
  118  17:26  Marine  
  118  17:29  Marauder  
  122  17:42  Marine  
  122  17:43  Marine x2, Marauder  
  122  17:44  Marine x2, Marauder  
Tags
 
Add a new tag
Caveats
  • Supply blocks, unpowered buildings, or Contaminate may cause inaccurate times.
  • Supply counts are checked every 10 seconds.